 Dungeon Crawl Stone Soup version 0.26-a0-661-g406de6ba63 (webtiles) character file.

Game seed: 8610503786017120568

1315 jestyr24 the Conjurer (level 8, 0/62 HPs)
             Began as a Purple Draconian Conjurer on Oct 8, 2020.
             Slain by a centaur (7 damage)
             ... on level 5 of the Dungeon.
             The game lasted 00:34:56 (5931 turns).

jestyr24 the Conjurer (Purple Draconian Conjurer)   Turns: 5931, Time: 00:34:57

Health: 0/62       AC: 11    Str: 10    XL:     8   Next: 33%
Magic:  16/17      EV: 13    Int: 21    God:
Gold:   188        SH:  0    Dex:  9    Spells: 16/19 levels left

rFire    . . .     SeeInvis .   y - +13 scythe of Curses {drain, *Curse} (curse)
rCold    . . .     Faith    .   (shield currently unavailable)
rNeg     . . .     Spirit   .   (armour unavailable)
rPois    .         Reflect  .   (helmet restricted)
rElec    .         Harm     .   (no cloak)
rCorr    .         Rampage  .   (no gloves)
MR       +....                  a - +0 pair of boots
Stlth    ++........             (no amulet)
HPRegen  0.20/turn              w - ring of flight
MPRegen  0.15/turn              z - +4 ring of protection

@: no status effects
A: breathe power, unfitting armour, cold-blooded, AC +6
a: Breathe Dispelling Energy, Evoke Flight


You were on level 5 of the Dungeon.
You visited 1 branch of the dungeon, and saw 5 of its levels.

You collected 188 gold pieces.

Inventory:

Hand Weapons
 i - a +1 dagger of protection
 j - a +2 dagger of speed
 r - a +0 spear
 t - a +2 short sword of holy wrath
 y - the cursed +13 scythe of Curses (weapon) {drain, *Curse}
   (You found it on level 4 of the Dungeon)

   A truly terrible weapon, it drains the life of those it strikes.
   It curses itself when equipped.
   It has a curse placed upon it.
Missiles
 p - 3 throwing nets (quivered)
Armour
 a - a +0 pair of boots (worn)
Jewellery
 w - a ring of flight (left hand)
 z - a +4 ring of protection (right hand)
Wands
 q - a wand of polymorph (9)
Scrolls
 c - a scroll of noise {unknown}
 e - 3 scrolls of magic mapping {unknown}
 h - a scroll of fog {unknown}
 m - 4 scrolls of identify {unknown}
 s - 2 scrolls of remove curse {unknown}
 v - a scroll of amnesia {unknown}
 x - 3 scrolls of teleportation {unknown}
Potions
 b - 2 potions of flight {unknown}
 d - 3 potions of curing {unknown}
 f - 2 potions of degeneration {unknown}
 g - a potion of haste {unknown}
 k - a potion of berserk rage
 l - a potion of resistance {unknown}
 n - a potion of mutation {unknown}
 o - 2 potions of magic {unknown}
 u - 2 potions of lignification {unknown}


   Skills:
 * Level 2.9 Fighting
 - Level 2.0 Short Blades
 + Level 4.2 Dodging
 * Level 3.6 Stealth
 * Level 6.2 Spellcasting
 + Level 6.4 Conjurations
 * Level 2.1 Evocations


You had 16 spell levels left.
You knew the following spells:

 Your Spells              Type           Power        Failure   Level
a - Magic Dart            Conj           ####         1%          1
b - Searing Ray           Conj           ####..       1%          2

Your spell library contained the following spells:

 Spells                   Type           Power        Failure   Level
 Dazzling Flash           Conj/Hex       ###...       8%          3
 Fulminant Prism          Conj/Hex       ###.......   26%         4
 Iskenderun's Mystic Bla  Conj/Tloc      ###.....     26%         4


Dungeon Overview and Level Annotations

Branches:
Dungeon (5/15)
 Temple: D:4-7

Altars:
Kikubaaqudgha
Sif Muna

Annotations:
D:2 Terence


Innate Abilities, Weirdness & Mutations

You can breathe bolts of dispelling energy.
Your rich purple scales are hard. (AC +6)
You cannot fit into any form of body armour.
You are cold-blooded and may be slowed by cold attacks.


Message History

The centaur barely misses you. Edmund barely misses you.
The centaur closely misses you.
The centaur hits you but does no damage.
You slice Edmund!!
You kill Edmund!
Your Evocations skill increases to level 2!
The centaur hits you.
* * * LOW HITPOINT WARNING * * *
The centaur barely misses you. The centaur hits you.
* * * LOW HITPOINT WARNING * * *
You slash the centaur!
The centaur is moderately wounded.
The centaur closely misses you. x2
The centaur hits you but does no damage.
You slash the centaur!
The centaur is severely wounded.
The centaur barely misses you.
The centaur hits you but does no damage.
The centaur hits you!
You die...

#.##.........#
#.###.######.# ###
#.#...# #.# #..
#.#.########.###
#..
###.#............#
#..
#..<#..........#.#
#..
#####..........# #
#..
#.....###....#.#
#.. # ##.@#
#..#.#.# #..
#.##c)###..#..(#
###
#..........#####
#$##.(.###.# #
#.(...#.#
#.....#..#.#
####.....#.#
#.##.##.# #. .. ..


You could see a centaur.

Vanquished Creatures
  The ghost of yleetSyT the Changer, a novice DrTm of Cheibriados (D:4)
  Grinder (D:5)
  Edmund (D:5)
  A phantom (D:4)
  A scorpion (D:4)
  A howler monkey (D:4)
  A bullfrog zombie (D:5)
  2 hounds
  3 orc wizards (D:4)
  3 orc priests (D:4)
  2 worker ants (D:4)
  7 gnolls
  6 adders
  A white imp (D:5)
  3 worms
  A dart slug (D:2)
  3 leopard geckos
  11 orcs (D:4)
  3 bat zombies (D:3)
  2 giant cockroaches
  12 goblins
  8 hobgoblins
  4 jackals
  6 kobolds
  5 quokkas
  2 ball pythons
  10 bats
  7 frilled lizards
  3 rats
  A rat zombie (D:3)
112 creatures vanquished.

Notes
Turn   | Place    | Note
-------+----------+-------------------------------------------
     0 | D:1      | jestyr24 the Draconian Conjurer began the quest for the
                  | Orb.
     0 | D:1      | Reached XP level 1. HP: 14/14 MP: 3/3
   470 | D:1      | Reached XP level 2. HP: 18/20 MP: 1/5
  1295 | D:2      | Reached XP level 3. HP: 8/26 MP: 2/6
  1539 | D:2      | Noticed Terence
  2113 | D:2      | Reached XP level 4. HP: 34/34 MP: 5/7
  2551 | D:2      | Learned a level 2 spell: Searing Ray
  2564 | D:3      | Reached skill level 1 in Short Blades
  3005 | D:2      | Reached skill level 1 in Fighting
  3005 | D:2      | Reached skill level 5 in Conjurations
  3005 | D:2      | Reached XP level 5. HP: 32/40 MP: 5/9
  3513 | D:3      | Found an ancient bone altar of Kikubaaqudgha.
  3869 | D:4      | Noticed a phantom
  3885 | D:4      | Killed a phantom
  3885 | D:4      | Reached XP level 6. HP: 39/47 MP: 0/10
  4332 | D:4      | Found a runed translucent door.
  4338 | D:4      | Noticed yleetSyT's ghost (novice DrTm)
  4356 | D:4      | Killed yleetSyT's ghost
  4356 | D:4      | Your scales start taking on a rich purple colour.
  4356 | D:4      | Reached XP level 7. HP: 44/53 MP: 0/13
  4360 | D:4      | Found a runed translucent door.
  4737 | D:4      | Reached skill level 5 in Spellcasting
  5027 | D:4      | Reached skill level 1 in Evocations
  5032 | D:4      | Found the cursed +13 scythe of Curses {drain, *Curse}
  5474 | D:5      | Entered Level 5 of the Dungeon
  5556 | D:5      | Noticed Grinder
  5565 | D:5      | Killed Grinder
  5565 | D:5      | Reached XP level 8. HP: 62/62 MP: 11/16
  5724 | D:5      | Found a shimmering blue altar of Sif Muna.
  5917 | D:5      | Noticed Edmund
  5929 | D:5      | Killed Edmund
  5931 | D:5      | Slain by a centaur

Illustrated notes

Levels and vault maps discovered:
D:1:      lemuel_arrival_broad_hall, layout_basic
D:2:      layout_loops_ring, uniq_terence
D:3:      layout_rooms, lemuel_zombie_altar_kikubaaqudgha, st_stairs_8,
          minmay_misc_feat_alley
D:4:      layout_loops_ring, ebering_ghost_sewer_f, serial_rivers,
          chequers_serial_rivers_small_a, chequers_serial_rivers_large_a,
          chequers_serial_rivers_room_a, chequers_serial_rivers_large_b,
          chequers_serial_rivers_micro_d
D:5:      layout_basic, marbit_many_paths, yredelemnul_forgotten_temple_becter,
          lemuel_crystal_altar, minmay_temple_entry_nine_rooms,
          minmay_joined_circles, uniq_pikel, uniq_edmund, uniq_grinder

Skill      XL: |  1  2  3  4  5  6  7  8 |
---------------+-------------------------+-----
Dodging        | 2 3 4 |  4.2
Stealth        | 2 3 |  3.6
Short Blades   | 1 2 |  2.0
Fighting       | 1 2 |  2.9
Conjurations   | 5 6 |  6.4
Spellcasting   | 3 4 5 6 |  6.2
Evocations     | 1 2 |  2.1

Action                   |  1- 3 |  4- 6 |  7- 9 || total
-------------------------+-------+-------+-------++-------
Melee: Dagger            |    75 |    55 |       ||   130
       Tailslap          |     1 |     5 |     1 ||     7
       Short sword       |       |     3 |     9 ||    12
       Scythe            |       |       |    17 ||    17
 Cast: Magic Dart        |    80 |    35 |    11 ||   126
       Searing Ray       |       |    23 |    13 ||    36
 Stab: Sleeping          |     1 |     1 |       ||     2
Armor: Skin              |    26 |    35 |    22 ||    83
Dodge: Dodged            |    50 |    83 |    40 ||   173

Table legend: (Time is in decaauts)
 A = Elapsed time spent in this place.
 B = Non-inter-level travel time spent in this place.
 C = Inter-level travel time spent in this place.
 D = Time resting spent in this place.
 E = Time spent auto-exploring this place.
 F = Levels seen in this place.
 G = Mean time per level.
                   A        B        C        D        E       F      G
               +--------+--------+--------+--------+--------+-----+--------+
         Total |   5956 |   5882 |     74 |   1863 |   1734 |   5 | 1191.2 |
       Dungeon |   5956 |   5882 |     74 |   1863 |   1734 |   5 | 1191.2 |
               +--------+--------+--------+--------+--------+-----+--------+

Top non-repeatable levels by time:
     D:4: 1679 daAuts
     D:2: 1506 daAuts
     D:3: 1154 daAuts
     D:1: 1144 daAuts
     D:5: 471 daAuts
